 Seeded DCSS version 0.26-a0-20-g5f92b90 (webtiles) character file.

Game seed: 4080357608383404939, levelgen mode: deterministic

2985 wearedevo the Fighter (level 9, -4/51 HPs)
             Began as a Vine Stalker Summoner on May 25, 2020.
             Was a Follower of Makhleb.
             Slain by a steam dragon (5 damage)
             ... on level 9 of the Dungeon.
             The game lasted 00:41:25 (10500 turns).

wearedevo the Fighter (Vine Stalker Summoner)      Turns: 10500, Time: 00:41:26

Health: -4/51      AC:  9    Str: 13    XL:     9   Next: 83%
Magic:  0/14       EV: 17    Int: 20    God:    Makhleb [*.....]
Gold:   151        SH:  5    Dex: 16    Spells: 7/14 levels left

rFire    . . .     SeeInvis .   i - +1 broad axe of Gorunaem {freeze, rElec Int+5}
rCold    . . .     Gourm    .   (no shield)
rNeg     + . .     Faith    .   q - +2 leather armour {rN+}
rPois    .         Spirit   +   (no helmet)
rElec    +         Reflect  +   (no cloak)
rCorr    .         Harm     .   (no gloves)
MR       +....                  (no boots)
Stlth    ++........             m - amulet of reflection
HPRegen  0.57/turn              y - +4 ring of evasion
MPRegen  0.14/turn              u - +4 ring of protection

@: no status effects
A: fangs 3, regeneration 1, magic shield, antimagic bite, no potion heal 3, rot
immunity
a: Renounce Religion


You were on level 9 of the Dungeon.
You worshipped Makhleb.
Makhleb was aware of your devotion.
You were very hungry.

You visited 2 branches of the dungeon, and saw 11 of its levels.

You collected 367 gold pieces.
You spent 216 gold pieces at shops.

Inventory:

Hand Weapons
 g - a +0 club
 i - the +1 broad axe of Gorunaem (weapon) {freeze, rElec Int+5}
   (You bought it in a shop on level 5 of the Dungeon)

   It has been specially enchanted to freeze those struck by it, causing extra
   injury to most foes and up to half again as much damage against particularly
   susceptible opponents.
   It can also slow down cold-blooded creatures.
   It affects your intelligence (+5).
   It insulates you from electricity.
 p - a +3 mace of protection
Armour
 a - a +0 robe
 d - a +0 ring mail
 q - a +2 leather armour of positive energy (worn)
Jewellery
 f - an uncursed amulet of guardian spirit
 m - an amulet of reflection (around neck)
 n - an uncursed amulet of the acrobat
 u - a +4 ring of protection (right hand)
 y - a +4 ring of evasion (left hand)
 A - an uncursed ring of resist corrosion {unknown}
Scrolls
 b - 3 scrolls of remove curse
 e - 3 scrolls of amnesia
 h - 2 scrolls of random uselessness
 o - a scroll of fog
 r - 2 scrolls of enchant armour
 t - a scroll of immolation
 B - a scroll of identify
Potions
 k - a potion of stabbing
 l - 3 potions of curing
 s - 2 potions of heal wounds
 v - a potion of brilliance
 x - a potion of ambrosia
 z - a potion of flight
Comestibles
 c - 11 rations


   Skills:
 + Level 8.1 Fighting
 - Level 1.1(4.0) Axes
 - Level 6.1(6.2) Maces & Flails
 - Level 3.0 Armour
 - Level 3.0 Dodging
 - Level 3.0 Stealth
 - Level 3.0 Spellcasting
 + Level 4.6 Summonings
 + Level 3.0 Air Magic


You had 7 spell levels left.
You knew the following spells:

 Your Spells              Type           Power        Failure   Level  Hunger
a - Summon Small Mammal   Summ           ###.         2%          1    None
b - Call Imp              Summ           ###.....     4%          2    ##.....
c - Summon Lightning Spi  Summ/Air       ###.....     36%         4    ####...

Your spell library contained the following spells:

 Spells                   Type           Power        Failure   Level  Hunger
 Call Canine Familiar     Summ           ###.....     9%          3    ###....
 Poisonous Vapours        Pois/Air       #.....       14%         2    ##.....
 Freeze                   Ice            #...         19%         1    None
 Magic Dart               Conj           #...         19%         1    None
 Sandblast                Erth           #.....       19%         1    None
 Sting                    Tmut/Pois      #...         19%         1    None
 Summon Guardian Golem    Hex/Summ       ##......     22%         3    ###....
 Blink                    Tloc           N/A          26%         2    ##.....
 Passwall                 Tmut/Erth      #.......     26%         2    ##.....
 Slow                     Hex            #.......     26%         2    ##.....
 Mephitic Cloud           Conj/Pois/Air  #.......     34%         3    ###....
 Conjure Flame            Conj/Fire      #.......     47%         3    ###....
 Frozen Ramparts          Ice            #.....       47%         3    ###....
 Ignite Poison            Fire/Tmut/Pois #.......     47%         3    ###....
 Ozocubu's Armour         Chrm/Ice       #.......     47%         3    ###....
 Stone Arrow              Conj/Erth      #.....       47%         3    ###....
 Summon Ice Beast         Ice/Summ       ##......     56%         4    ####...
 Hailstorm                Conj/Ice       #.......     87%         4    ####...
 Olgreb's Toxic Radiance  Pois           #.......     87%         4    ####...
 Petrify                  Tmut/Erth      #.......     87%         4    ####...
 Lee's Rapid Deconstruct  Erth           #.........   99%         5    ######.


Dungeon Overview and Level Annotations

Branches:
Dungeon (10/15)            Temple (1/1) D:6            Lair (0/6) D:8
    Orc: D:9-12

Altars:
Ashenzari
Cheibriados
Dithmenos
Elyvilon
Fedhas
Gozag
Hepliaklqana
Kikubaaqudgha
Makhleb
Okawaru
Qazlal
Ru
Sif Muna
Uskayaw
Vehumet
Wu Jian
Yredelemnul
Zin
The Shining One

Shops:
D:5 [([   D:7 [*

Annotations:
D:2 1 runed translucent door, Crazy Yiuf
D:4 Menkaure
D:5 Dowan, Duvessa
D:6 3 runed translucent doors, HDogLeCool's ghost, novice GnSu
D:7 exclusion: electric eel


Innate Abilities, Weirdness & Mutations

You have razor-sharp teeth.
Your natural rate of healing is unusually fast.
When hurt, damage is shared between your health and your magic reserves.
Your bite disrupts and absorbs the magic of your enemies.
Potions cannot restore your health.
You are immune to rotting.


Message History

The steam dragon breathes steam at you. The ball of steam hits you!
* * * LOW HITPOINT WARNING * * *
You aren't carrying any items that you can evoke.
Unknown command.
Okay, then.
Okay, then.
Okay, then.
You aren't carrying any items that you can evoke.
Okay, then.
Okay, then.
The steam dragon breathes steam at you. The ball of steam misses you.
The iguana is engulfed in a cloud of scalding steam.
There is a stone staircase leading down here.
You are engulfed in a cloud of scalding steam.
* * * LOW HITPOINT WARNING * * *
The iguana is engulfed in a cloud of scalding steam.
The steam dragon closely misses you. The steam dragon claws you.
You die...

.... .... #### ### #.# ..
#.######### ..+ ..
#.........# ..+ ...
#.........# ..+....
#....§l§..# . ###....
#....§D@§§+ .< .......
#.....§§§..# ... .......
#..........# .... .......
#...########.....
........#####............
..................#####..
..................#§..#..#
....... ...###'##.†...#..#
...#### ####....#.#...#..#


You could see a steam dragon (catching breath) and an iguana.

Vanquished Creatures
  Grinder (D:5)
  2 hippogriffs
  A water moccasin (D:8)
  An ogre (D:7)
  A phantom (D:4)
  2 sky beasts
  A big kobold (D:7)
  2 bullfrogs (D:8)
  A wyvern skeleton (D:8)
  A scorpion (D:8)
  5 killer bees
  2 crimson imps (D:7)
  A centaur zombie (D:7)
  A bullfrog skeleton (D:5)
  A jelly (D:8)
  3 orc priests
  5 orc wizards
  Natasha (D:4)
  3 iguanas
  4 worker ants
  A hound zombie (D:8)
  2 worker ant zombies
  A howler monkey skeleton (D:4)
  7 gnolls
  6 adders
  A shadow imp (D:7)
  An ooze (D:3)
  2 worms
  2 dart slugs
  6 leopard geckos
  12 orcs
  4 giant cockroaches
  10 goblins
  6 hobgoblins
  11 jackals
  4 ball pythons
  A ball python skeleton (D:6)
  6 bats
  9 frilled lizards
  14 kobolds
  A leopard gecko skeleton (D:4)
  A quokka zombie (D:6)
  A rat (D:3)
148 creatures vanquished.

Vanquished Creatures (collateral kills)
  Sigmund (D:4)
  Edmund (D:5)
  2 orc warriors
  An ice beast (D:6)
  2 ogres (D:7)
  A big kobold (D:8)
  A bullfrog (D:9)
  A killer bee (D:7)
  A howler monkey (D:4)
  A gnoll shaman (D:4)
  An orc priest (D:4)
  5 orc wizards
  A bullfrog skeleton (D:8)
  Natasha (twice) (D:4)
  2 worker ants
  A killer bee zombie (D:9)
  A hound skeleton (D:8)
  3 adders
  2 worms (D:2)
  2 leopard geckos
  3 orcs
  A giant cockroach (D:2)
  7 goblins
  A hobgoblin (D:2)
  10 jackals
  10 kobolds
  A quokka (D:9)
  2 bats (D:1)
  A frilled lizard (D:1)
  4 rats
72 creatures vanquished.

Vanquished Creatures (others)
  An orc wizard (D:8)
  An orc (D:8)
  A jackal (D:8)
  2 fungi (D:6)
  2 plants (D:6)
7 creatures vanquished.

Grand Total: 227 creatures vanquished

Notes
Turn   | Place    | Note
-------+----------+-------------------------------------------
     0 | D:1      | wearedevo the Vine Stalker Summoner began the quest for the
                  | Orb.
     0 | D:1      | Reached XP level 1. HP: 9/9 MP: 4/4
   167 | D:1      | Reached XP level 2. HP: 11/13 MP: 0/6
   645 | D:1      | Learned a level 2 spell: Call Imp
   927 | D:1      | Reached XP level 3. HP: 16/16 MP: 8/8
  1229 | D:2      | Found a snail-covered altar of Cheibriados.
  1251 | D:2      | Reached skill level 1 in Maces & Flails
  2211 | D:2      | Gained mutation: Your natural rate of healing is unusually
                  | fast. [Vine Stalker growth]
  2211 | D:2      | Reached XP level 4. HP: 20/21 MP: 4/9
  2729 | D:2      | Found a runed translucent door.
  2730 | D:2      | Noticed Crazy Yiuf
  3027 | D:3      | Reached skill level 1 in Fighting
  3219 | D:3      | Reached XP level 5. HP: 15/25 MP: 4/10
  4570 | D:4      | Reached XP level 6. HP: 26/30 MP: 7/11
  4588 | D:4      | Noticed Menkaure
  4692 | D:4      | Noticed Sigmund
  4724 | D:4      | Killed Sigmund
  4986 | D:4      | Noticed Natasha
  4996 | D:4      | Killed Natasha
  5000 | D:4      | Noticed a phantom
  5006 | D:4      | Noticed Natasha
  5016 | D:4      | Killed Natasha
  5016 | D:4      | Reached skill level 5 in Maces & Flails
  5033 | D:4      | Killed a phantom
  5033 | D:4      | Reached skill level 2 in Fighting
  5033 | D:4      | Reached XP level 7. HP: 31/35 MP: 12/12
  5053 | D:4      | Noticed Natasha
  5058 | D:4      | Killed Natasha
  5411 | D:4      | Found a glowing golden altar of the Shining One.
  5452 | D:5      | Entered Level 5 of the Dungeon
  5452 | D:5      | Noticed Edmund
  5877 | D:5      | Found Fiffisk's Antique Weapon Boutique.
  5911 | D:5      | Upgraded the game from 0.26-a0-18-g135ff06 to
                  | 0.26-a0-19-g5d2c98b
  5928 | D:5      | Found Peam's Armour Shop.
  5999 | D:5      | Reached skill level 1 in Armour
  6110 | D:5      | Noticed Duvessa
  6135 | D:5      | Noticed Grinder
  6147 | D:5      | Killed Grinder
  6147 | D:5      | Reached skill level 3 in Fighting
  6147 | D:5      | Gained mutation: You have razor-sharp teeth. [Vine Stalker
                  | growth]
  6147 | D:5      | Reached XP level 8. HP: 38/40 MP: 8/13
  6222 | D:5      | Noticed Dowan
  6539 | D:5      | Killed Edmund
  6597 | D:5      | Found an ornate altar of the Wu Jian Council.
  6598 | D:5      | Found a radiant altar of Vehumet.
  6704 | D:5      | Found Xugysku's Armour Boutique.
  7445 | D:6      | Found a runed translucent gate.
  7445 | D:6      | Found a runed translucent gate.
  7445 | D:6      | Found a runed translucent gate.
  7446 | D:6      | Noticed a kobold demonologist
  7447 | D:6      | Noticed HDogLeCool's ghost (novice GnSu)
  7449 | D:6      | Identified the +8 whip of Disaster {drain, *Corrode +Fly
                  | rElec Str+8}
  7997 | D:6      | Found a staircase to the Ecumenical Temple.
  8006 | Temple   | Entered the Ecumenical Temple
  8074 | Temple   | Became a worshipper of Makhleb the Destroyer
  8367 | D:5      | Bought a pitted broad axe for 216 gold pieces
  8367 | D:5      | Identified the +1 broad axe of Gorunaem {freeze, rElec
                  | Int+5} (You bought it in a shop on level 5 of the Dungeon)
  8460 | D:7      | Reached skill level 4 in Fighting
  8480 | D:7      | Found Zin's Purification Station.
  8481 | D:7      | Noticed a hippogriff
  8500 | D:7      | Killed a hippogriff
  8500 | D:7      | Reached skill level 1 in Axes
  8741 | D:7      | Reached skill level 5 in Fighting
  8795 | D:7      | Found a glowing silver altar of Zin.
  8889 | D:7      | Reached XP level 9. HP: 46/48 MP: 11/14
  8964 | D:7      | Reached skill level 6 in Fighting
  9307 | D:7      | Learned a level 4 spell: Summon Lightning Spire
  9312 | D:7      | Found Ychugiar's Armour Shop.
  9533 | D:8      | Reached skill level 1 in Air Magic
  9625 | D:8      | Upgraded the game from 0.26-a0-19-g5d2c98b to
                  | 0.26-a0-20-g5f92b90
  9789 | D:9      | Noticed a hornet
  9813 | D:8      | Reached skill level 7 in Fighting
  9815 | D:8      | Reached * piety under Makhleb
  9996 | D:8      | Found a staircase to the Lair.
 10267 | D:9      | Found a hide-covered altar of Uskayaw.
 10267 | D:9      | Found a shimmering blue altar of Sif Muna.
 10427 | D:9      | Reached skill level 8 in Fighting
 10454 | D:10     | Entered Level 10 of the Dungeon
 10467 | D:10     | Noticed a two-headed ogre
 10495 | D:9      | HP: 2/51 [steam dragon/ball of steam (11)]
 10500 | D:9      | HP: 1/51 [steam dragon] (4)]
 10500 | D:9      | Slain by a steam dragon

Illustrated notes

Levels and vault maps discovered:
D:1:      minmay_arrival_stone_box, layout_basic, minmay_pentomino_o4
D:2:      layout_basic, marbit_many_paths, minmay_box_of_dots,
          uniq_crazy_yiuf_cottage
D:3:      corexii_shack_village, layout_basic
D:4:      layout_basic, tso_altar, first_ration, uniq_menkaure, uniq_natasha,
          uniq_sigmund
D:5:      layout_cave_pods, gammafunk_temple_overflow_statue, serial_shops,
          shop_fountains, nicolae_shop_waterfront, shop,
          minmay_misc_feat_plants, hangedman_decor_lopped, minivault_5,
          uniq_edmund, uniq_duvessa, uniq_grinder
D:6:      layout_basic, lemuel_temple_firewalk_b, gammafunk_ghost_nasty_kobolds
D:7:      layout_loops_cross, zin_purify, serial_shops, kennysheep_mini,
          serial_bayou, serial_bayou_pond_d, serial_bayou_lake_a,
          serial_bayou_pond_c, serial_bayou_shore_b
D:8:      layout_layer_cave, xom_confusion_cloud, dpeg_oklobed_lair
D:9:      lemuel_castle_with_subvaults [lemuel_castle_interior_original],
          layout_irregular_city, chequers_temple_overflow_minitemple,
          hangedman_pestilent_swarm
D:10:     layout_roguey, erik_orc_3, enter_trove_3, serial_shops, shop,
          gammafunk_ghost_nasty_kobolds
Temple:   nicolae_temple_hex_pool

Skill      XL: |  1  2  3  4  5  6  7  8  9 |
---------------+----------------------------+-----
Dodging        | 2 3 |  3.0
Maces & Flails | 1 2 3 5 6 |  6.1
Spellcasting   | 3 |  3.0
Fighting       | 1 2 3 5 8 |  8.1
Stealth        | 3 |  3.0
Armour         | 1 3 |  3.0
Axes           | 1 |  1.1
Air Magic      | 3 |  3.0
Summonings     | |  4.6

Action                   |  1- 3 |  4- 6 |  7- 9 || total
-------------------------+-------+-------+-------++-------
Melee: Unarmed           |    13 |       |       ||    13
       Club              |   103 |       |       ||   103
       Bite              |    21 |    38 |    80 ||   139
       Mace              |     2 |   175 |   127 ||   304
       Broad axe         |       |       |   160 ||   160
 Cast: Summon Small Mamm |    29 |     1 |       ||    30
       Call Imp          |    20 |    34 |   116 ||   170
       Summon Lightning  |       |       |     3 ||     3
  Use: Scroll            |       |     5 |    13 ||    18
       Potion            |       |       |     4 ||     4
 Stab: Sleeping          |     1 |     8 |     3 ||    12
       Distracted        |       |     2 |     4 ||     6
  Eat: Chunk             |     6 |    10 |    24 ||    40
Armor: Ring mail         |    84 |    15 |       ||    99
       Leather armour    |       |    62 |    88 ||   150
Dodge: Dodged            |   102 |    93 |   346 ||   541
Block: Other             |       |       |    36 ||    36

Table legend:
 A = Non-vault XP
 B = Vault XP
 C = Vault XP percentage of total XP
 D = Non-vault monster count
 E = Vault monster count
 F = Vault count percentage of total count
                 A         B        C        D         E       F
            +---------+---------+-------+---------+---------+-------
      Total |    3603 |     662 |  15.5 |     194 |      26 |  11.8
            +---------+---------+-------+---------+---------+-------
        D:1 |      41 |       2 |   4.7 |      30 |       2 |   6.2
        D:2 |      71 |       3 |   4.1 |      33 |       3 |   8.3
        D:3 |     170 |      21 |  11.0 |      23 |      12 |  34.3
        D:4 |     471 |     134 |  22.1 |      28 |       2 |   6.7
        D:5 |     274 |     340 |  55.4 |      11 |       2 |  15.4
        D:6 |     217 |       0 |   0.0 |      16 |       0 |   0.0
        D:7 |    1070 |       0 |   0.0 |      20 |       0 |   0.0
        D:8 |     932 |     162 |  14.8 |      23 |       5 |  17.9
        D:9 |     320 |       0 |   0.0 |       9 |       0 |   0.0
       D:10 |      37 |       0 |   0.0 |       1 |       0 |   0.0
            +---------+---------+-------+---------+---------+-------
